 Dungeon Crawl Stone Soup version 0.25.1-2-g60ff931df9 (webtiles) character file.

Game seed: 11944251698177204806

687 Superazbuka the Magician (level 7, -1/40 HPs)
             Began as a Deep Elf Earth Elementalist on Aug 15, 2020.
             Was an Initiate of Vehumet.
             Slain by Pikel
             ... wielding a +0 whip of electrocution
              (18 damage)
             ... on level 4 of the Dungeon.
             The game lasted 00:08:21 (5803 turns).

Superazbuka the Magician (DEEE)                     Turns: 5803, Time: 00:08:22

Health: -1/40      AC:  5    Str:  5    XL:     7   Next: 35%
Magic:  9/17       EV: 15    Int: 22    God:    Vehumet [......]
Gold:   206        SH:  0    Dex: 15    Spells: 10/16 levels left

rFire    + . .     SeeInvis .   e - staff of poison
rCold    . . .     Gourm    .   (no shield)
rNeg     . . .     Faith    .   c - +0 robe
rPois    +         Spirit   .   t - +0 helmet
rElec    .         Reflect  .   w - +1 cloak
rCorr    .         Harm     .   (no gloves)
MR       .....                  (no boots)
Stlth    ++........             (no amulet)
HPRegen  0.13/turn              x - ring of protection from fire
MPRegen  0.15/turn              (no ring)

@: no status effects
A: no striking features
a: Renounce Religion


You were on level 4 of the Dungeon.
You worshipped Vehumet.
Vehumet was noncommittal.
You were hungry.

You visited 2 branches of the dungeon, and saw 5 of its levels.

You collected 206 gold pieces.

Inventory:

Missiles
 b - 142 stones (quivered)
Armour
 c - a +0 robe (worn)
 t - a +0 helmet (worn)
 w - a +1 cloak (worn)
Magical Staves
 e - an uncursed staff of poison (weapon)
Jewellery
 n - an uncursed ring of protection from fire
 x - a ring of protection from fire (left hand)
Wands
 y - a wand of enslavement (3)
 C - a wand of digging (6)
Scrolls
 g - a scroll of identify
 h - 3 scrolls of remove curse
 j - 2 scrolls of teleportation {unknown}
 k - a scroll of enchant weapon {unknown}
 l - 4 scrolls of magic mapping
 p - 2 scrolls of fear {unknown}
 q - a scroll of blinking {unknown}
 u - a scroll of noise {unknown}
 A - 3 scrolls of amnesia
 D - a scroll of enchant armour {unknown}
Potions
 a - 2 potions of haste
 f - a potion of flight
 i - a potion of brilliance {unknown}
 m - 4 potions of curing
 o - a potion of stabbing {unknown}
 s - a potion of resistance {unknown}
 v - a potion of lignification {unknown}
 z - a potion of might {unknown}
Comestibles
 d - 8 rations


   Skills:
 + Level 2.6 Fighting
 + Level 3.1 Staves
 + Level 5.0 Dodging
 - Level 2.5 Stealth
 + Level 5.4 Spellcasting
 - Level 1.1 Transmutations
 + Level 5.3 Earth Magic


You had 10 spell levels left.
You knew the following spells:

 Your Spells              Type           Power        Failure   Level  Hunger
a - Sandblast             Erth           ####..       1%          1    None
b - Passwall              Tmut/Erth      ###.....     4%          2    None
c - Stone Arrow           Conj/Erth      ###...       10%         3    ##.....

Your spell library contained the following spells:

 Spells                   Type           Power        Failure   Level  Hunger
 Animate Skeleton         Necr           N/A          10%         1    None
 Apportation              Tloc           #.....       10%         1    None
 Corona                   Hex            #......      10%         1    None
 Summon Small Mammal      Summ           #...         10%         1    None
 Petrify                  Tmut/Erth      ###.....     26%         4    ####...
 Lee's Rapid Deconstruct  Erth           ####......   30%         5    #####..


Dungeon Overview and Level Annotations

Branches:
Dungeon (4/15)             Temple (1/1) D:4

Altars:
Ashenzari
Cheibriados
Elyvilon
Fedhas
Gozag
Hepliaklqana
Kikubaaqudgha
Makhleb
Okawaru
Qazlal
Ru
Sif Muna
Trog
Uskayaw
Vehumet
Wu Jian
Xom
Yredelemnul
Zin
The Shining One

Annotations:
D:4 3 runed translucent doors, Pikel; nebnoj's ghost, weakling HOFi


Message History

Aiming: Sandblast (safe; 1% risk of failure)
Press: ? - help, Shift-Dir - straight line, f/p - slave
Aim: a slave The blast of sand hits the slave.
The slave is moderately wounded.
b - 143 stones The slave misses you.
Pikel hits you but does no damage. The slave hits you.
Casting: Sandblast (safe; 1% risk of failure)
Confirm with . or Enter, or press ? or * to list all spells.
Aiming: Sandblast (safe; 1% risk of failure)
Press: ? - help, Shift-Dir - straight line, f - Pikel, p - slave
Aim: Pikel, wielding a +0 whip of electrocution, wearing a +2 robe of resistance and carrying a wand of digging (3)
The blast of sand hits Pikel!
Pikel is moderately wounded.
b - 142 stones The slave hits you!
Pikel hits you with a +0 whip of electrocution!
You are electrocuted!!
You die...

.......##.# #######.#
.......##.# #≈≈≈≈≈#.#
.......)..####≈.#.≈#.#
.............#.###.#.#
.>...........#≈[#.≈#.#
.###..###.##.# ≈p≈ #.# .
......#.##.###p# #.#
........#......pK# #.#
................@# #.#
.##.......##.##..###.#
...##..##.......#.#
........####..###.#####
..............# #.....#
......##.#.####..#
#.#.###
.....###.#.####..# #.#.#
.................###.#.#
.....................#.#


You could see Pikel and 3 slaves.

Vanquished Creatures
  A slave (D:4)
  2 big kobolds (D:3)
  A scorpion (D:4)
  A howler monkey (D:4)
  An orc wizard (D:4)
  Crazy Yiuf (D:2)
  2 worker ants (D:4)
  7 adders
  11 gnolls
  A howler monkey skeleton (D:4)
  An ooze (D:3)
  2 worms
  6 dart slugs
  5 leopard geckos
  9 orcs
  8 bats
  3 giant cockroaches
  19 hobgoblins
  2 jackals (D:1)
  2 quokkas
  4 ball pythons
  4 frilled lizards
  42 goblins
  6 kobolds
  A quokka skeleton (D:4)
  7 rats
149 creatures vanquished.

Notes
Turn   | Place    | Note
-------+----------+-------------------------------------------
     0 | D:1      | Superazbuka the Deep Elf Earth Elementalist began the quest
                  | for the Orb.
     0 | D:1      | Reached XP level 1. HP: 10/10 MP: 6/6
   302 | D:1      | You fall into a shaft and drop 1 floor!
   306 | D:2      | Reached XP level 2. HP: 15/15 MP: 2/8
   548 | D:2      | Found an opulent altar of Gozag.
  1094 | D:1      | Reached XP level 3. HP: 20/20 MP: 7/9
  1618 | D:2      | Learned a level 2 spell: Passwall
  1699 | D:2      | Reached skill level 1 in Staves
  1864 | D:2      | Found a faded altar of an unknown god.
  1869 | D:2      | Reached XP level 4. HP: 24/24 MP: 9/11
  1939 | D:2      | Reached skill level 1 in Fighting
  2151 | D:2      | Found a runed translucent door.
  2152 | D:2      | Noticed Crazy Yiuf
  2160 | D:2      | Killed Crazy Yiuf
  2401 | D:3      | Found an iron altar of Okawaru.
  2648 | D:3      | Found a burning altar of Makhleb.
  2648 | D:3      | Noticed an Executioner
  2760 | D:3      | Reached XP level 5. HP: 21/29 MP: 10/13
  3498 | D:3      | Reached XP level 6. HP: 27/35 MP: 8/14
  3511 | D:3      | Learned a level 3 spell: Stone Arrow
  4818 | D:4      | Reached skill level 5 in Spellcasting
  4841 | D:4      | Reached skill level 5 in Earth Magic
  4868 | D:4      | Reached XP level 7. HP: 40/40 MP: 14/16
  4889 | D:4      | Found a runed translucent gate.
  4890 | D:4      | Found a runed translucent gate.
  4890 | D:4      | Found an opulent altar of Gozag.
  4912 | D:4      | Found a runed translucent gate.
  4921 | D:4      | Noticed nebnoj's ghost (weakling HOFi)
  5400 | D:4      | Reached skill level 5 in Dodging
  5414 | D:4      | Found a staircase to the Ecumenical Temple.
  5425 | Temple   | Entered the Ecumenical Temple
  5454 | Temple   | Became a worshipper of Vehumet
  5791 | D:4      | Noticed Pikel
  5803 | D:4      | Slain by Pikel

Illustrated notes

Levels and vault maps discovered:
D:1:      erik_arrival_triangle_small, layout_loops_corners
D:2:      layout_rooms, grunt_gozag_statues, chequers_ecumenical_altar_simple,
          first_ration, uniq_crazy_yiuf_cottage
D:3:      minmay_goblin_kobold_castle, layout_basic, okawaru_ov_weapons_minmay,
          makhleb_altar_promises_db
D:4:      layout_basic, temple_hall, ebering_ghost_gozag,
          kennysheep_generic_room_13, uniq_pikel
Temple:   minmay_crystal_spiral_temple

Skill      XL: |  1  2  3  4  5  6  7 |
---------------+----------------------+-----
Dodging        | 3 4 5 |  5.0
Earth Magic    | 4 5 |  5.3
Staves         | 1 2 3 |  3.1
Fighting       | 1 2 |  2.6
Spellcasting   | 4 5 |  5.4
Stealth        | |  2.5
Transmutations | |  1.1

Action                   |  1- 3 |  4- 6 |  7- 9 || total
-------------------------+-------+-------+-------++-------
 Cast: Sandblast         |    45 |   140 |    39 ||   224
  Use: Scroll            |       |       |     6 ||     6
  Eat: Chunk             |     3 |     9 |     2 ||    14
Armor: Robe              |     4 |    20 |     5 ||    29
Dodge: Dodged            |    10 |    41 |    19 ||    70
